 Dungeon Crawl Stone Soup version 0.30-a0-743-gbfdf073431 (webtiles) character file.

Game seed: 12936017007316066450

324018 Flugkiller the Fetichist (level 20, 0/170 HPs)
             Began as a Deep Elf Summoner on Feb 6, 2023.
             Was a High Priest of Ashenzari.
             Slain by Sojobo
             ... wielding a +2 great sword of electrocution
              (8 damage)
             ... on level 2 of the Vaults.
             The game lasted 01:54:55 (45044 turns).

Flugkiller the Fetichist (Deep Elf Summoner)       Turns: 45044, Time: 01:54:55

Health: 0/170      AC: 27    Str: 10    XL:     20   Next: 70%
Magic:  13/41      EV: 24    Int: 34    God:    Ashenzari [*****.]
Gold:   5766       SH: 20    Dex: 24    Spells: 8/49 levels left

rFire   + . .      SeeInvis +    O - +10 consecrated labrys {holy, Valiant Fragile Fly SInv, Comp, Melee} (curse)
rCold   . . .      Faith    .    z - +5 kite shield of Panopticon {Self, Comp} (curse)
rNeg    + . .      Spirit   .    (body armour currently unavailable)
rPois   ∞          Reflect  .    K - +2 hat "Visionary Idealism" {Elem, Melee} (curse)
rElec   +          Harm     .    M - scarf of the Unveiling Yoke {+Inv, Melee, Self} (curse)
rCorr   .          Rampage  .    (gloves currently unavailable)
Will    ++...      Clarity  +    (boots currently unavailable)
Stlth   +++                      S - amulet of Apeoromancy {Acrobat, Cun, Fort} (curse)
HPRegen 0.48/turn                V - ring of the Battered Friends {*Corrode rPois rF+ Dex+9}
MPRegen 0.27/turn                B - ring "Enigmatic Foul Odours" {Str+3 Int+6, Melee, Self} (curse)

@: about to teleport, statue-form, frozen, corroded, flying, studying Ice Magic,
very slow
A: slow and powerful, torment resistance 1, boosted hp
}: 2/15 runes: barnacled, gossamer
a: End Transformation, Renounce Religion, Evoke Invisibility, Curse Item,
Shatter the Chains


You were on level 2 of the Vaults.
You worshipped Ashenzari.
Ashenzari was extremely pleased with you.
You were a living statue of rough stone.
You visited 7 branches of the dungeon, and saw 35 of its levels.
You also visited: Bailey, Ice Cave and Wizlab.

You collected 7863 gold pieces.
You spent 2097 gold pieces at shops.

Inventory:

Hand Weapons
 O - the cursed +10 consecrated labrys (weapon) {holy, Valiant Fragile Fly SInv, Comp, Melee}
   (You found it on level 12 of the Dungeon)

   Valiant:   It becomes more powerful as more dangerous foes come into view.
   SInv:      It lets you see invisible.
   Fly:       It grants you flight.
   Fragile:   It will be destroyed if unequipped.
   It has a curse which improves the following skills: Companions: Summonings
   and Necromancy.
   Melee Combat: Short Blades, Long Blades, Axes, Maces & Flails, Polearms,
   Staves and Unarmed Combat.
Missiles
 k - 4 throwing nets
 G - 7 curare-tipped darts (quivered)
Armour
 a - the cursed +0 robe of Ashenzari's Idealism (melded) {Fort, Melee}

   It has a curse which improves the following skills: Fortitude: Armour and
   Shields.
   Melee Combat: Short Blades, Long Blades, Axes, Maces & Flails, Polearms,
   Staves and Unarmed Combat.
 l - the cursed +2 pair of gloves of the Bound Chagrin (melded) {Elem, Bglg}
   (You found it on level 3 of the Dungeon)

   It has a curse which improves the following skills: Elements: Fire Magic, Ice
   Magic, Air Magic and Earth Magic.
   Beguiling: Conjurations, Hexes and Translocations.
 z - the cursed +5 kite shield of Panopticon (worn) {Self, Comp}
   (You found it on level 14 of the Dungeon)

   It has a curse which improves the following skills: Introspection: Fighting
   and Spellcasting.
   Companions: Summonings and Necromancy.
 F - the cursed +1 pair of boots "Free Will of Ashenzari" (melded) {Fly, Bglg, Comp}
   (You found it in a bailey)

   It has a curse which improves the following skills: Beguiling: Conjurations,
   Hexes and Translocations.
   Companions: Summonings and Necromancy.
 K - the cursed +2 hat "Visionary Idealism" (worn) {Elem, Melee}
   (You took it off Gastronok on level 11 of the Dungeon)

   It has a curse which improves the following skills: Elements: Fire Magic, Ice
   Magic, Air Magic and Earth Magic.
   Melee Combat: Short Blades, Long Blades, Axes, Maces & Flails, Polearms,
   Staves and Unarmed Combat.
 M - the cursed scarf of the Unveiling Yoke (worn) {+Inv, Melee, Self}
   (You found it on level 5 of the Dungeon)

   It has a curse which improves the following skills: Melee Combat: Short
   Blades, Long Blades, Axes, Maces & Flails, Polearms, Staves and Unarmed
   Combat.
   Introspection: Fighting and Spellcasting.
 T - a +2 cloak of willpower
   (You found it in a wizard's laboratory)
Jewellery
 p - a ring of protection from fire
   (You found it on level 5 of the Dungeon)
 v - a +5 ring of evasion
   (You took it off a deep elf zephyrmancer on level 3 of the Elven Halls)
 B - the cursed ring "Enigmatic Foul Odours" (right fist) {Str+3 Int+6, Melee, Self}
   (You acquired it on level 7 of the Dungeon)

   [ring of intelligence]

   Str:       It affects your strength (+3).
   Int:       It affects your intelligence (+6).
   It has a curse which improves the following skills: Melee Combat: Short
   Blades, Long Blades, Axes, Maces & Flails, Polearms, Staves and Unarmed
   Combat.
   Introspection: Fighting and Spellcasting.
 S - the cursed amulet of Apeoromancy (around neck) {Acrobat, Cun, Fort}
   (You found it on level 2 of the Dungeon)

   [amulet of the acrobat]

   It increases your evasion while moving and waiting.
   It has a curse which improves the following skills: Cunning: Dodging and
   Stealth.
   Fortitude: Armour and Shields.
 U - the ring of the Everdark {rC+ Int+6}
   (You found it in a wizard's laboratory)

   [ring of intelligence]

   Int:       It affects your intelligence (+6).
   rC:        It protects you from cold.
 V - the ring of the Battered Friends (left fist) {*Corrode rPois rF+ Dex+9}
   (You took it off a deep elf archer on level 3 of the Elven Halls)

   [ring of protection from fire]

   Dex:       It affects your dexterity (+9).
   rF:        It protects you from fire.
   rPois:     It protects you from poison.
   *Corrode:  It may corrode you when you take damage.
Wands
 i - a wand of polymorph (6)
   (You found it on level 2 of the Shoals)
 r - a wand of iceblast (16)
   (You found it on level 5 of the Dungeon)
 u - a wand of flame (32)
   (You found it on level 5 of the Dungeon)
 J - a wand of mindburst (3)
   (You found it on level 11 of the Dungeon)
 L - a wand of charming (16)
   (You found it on level 2 of the Lair of Beasts)
 N - a wand of digging (5)
   (You found it in a wizard's laboratory)
Scrolls
 g - 4 scrolls of fog
 j - 2 scrolls of fear
 s - 7 scrolls of poison
 t - 6 scrolls of teleportation
 y - 5 scrolls of amnesia
 C - a scroll of enchant armour
 E - 2 scrolls of butterflies
 H - 7 scrolls of vulnerability
 I - 3 scrolls of immolation
 P - 2 scrolls of magic mapping
 R - a scroll of silence
Potions
 b - 5 potions of magic
 d - 6 potions of might
 h - 8 potions of haste
 m - 10 potions of mutation
 n - 3 potions of resistance
 q - 15 potions of curing
 w - 2 potions of heal wounds
 x - 19 potions of flight
 A - 4 potions of attraction
 W - 7 potions of brilliance
 X - a potion of berserk rage
 Y - 4 potions of ambrosia
Miscellaneous
 c - a box of beasts
   (You found it on level 4 of the Shoals)
 e - a lightning rod (4/4)
   (You found it on level 9 of the Dungeon)
 f - a phial of floods
   (You found it on level 10 of the Dungeon)
 o - a tin of tremorstones (2/2)
   (You found it on level 3 of the Elven Halls)


   Skills:
 - Level 11.5(16.0) Fighting
 - Level 9.3(14.7) Axes
 - Level 12.7(15.0) Dodging
 - Level 2.4(4.2) Stealth
 - Level 12.7(15.0) Shields
 - Level 10.5(15.0) Spellcasting
 - Level 3.0 Hexes
 + Level 17.0(20.3) Summonings
 - Level 11.3 Translocations
 - Level 6.0 Transmutations
 - Level 8.0(10.3) Air Magic
 - Level 11.2(13.5) Earth Magic
 - Level 20.0 Evocations


You had 8 spell levels left.
You knew the following spells:

 Your Spells              Type           Power      Damage    Failure   Level
a - Malign Gateway        Summ/Tloc      46%        N/A       3%          7
d - Summon Guardian Gole  Hex/Summ       81%        N/A       1%          3
e - Summon Lightning Spi  Summ/Air       92%        N/A       1%          4
f - Leda's Liquefaction   Hex/Erth       34%        N/A       1%          4
g - Lee's Rapid Deconstr  Erth           43%        3d21*     1%          5
h - Statue Form           Tmut/Erth      50%        N/A       8%          6
i - Summon Mana Viper     Hex/Summ       81%        N/A       1%          5
j - Monstrous Menagerie   Summ           52%        N/A       1%          7

Your spell library contained the following spells:

 Spells                   Type           Power      Damage    Failure   Level
 Sandblast                Erth           100%       2d20      0%          1
 Summon Small Mammal      Summ           100%       N/A       0%          1
 Call Imp                 Summ           100%       N/A       0%          2
 Call Canine Familiar     Summ           100%       N/A       0%          3
 Slow                     Hex            100%       N/A       1%          1
 Blink                    Tloc           100%       N/A       1%          2
 Cigotuvi's Dreadful Rot  Necr/Pois/Air  100%       N/A       1%          2
 Lesser Beckoning         Tloc           100%       N/A       1%          2
 Momentum Strike          Conj/Tloc      100%       3d10      1%          2
 Passwall                 Tmut/Erth      62%        N/A       1%          2
 Poisonous Vapours        Pois/Air       100%       N/A       1%          2
 Gell's Gravitas          Tloc           80%        N/A       1%          3
 Kindle Blastsparks       Fire/Tloc/Air  100%       2d18      1%          3
 Mephitic Cloud           Conj/Pois/Air  48%        N/A       1%          3
 Portal Projectile        Hex/Tloc       100%       N/A       1%          3
 Stone Arrow              Conj/Erth      100%       3d13      1%          3
 Swiftness                Air            77%        N/A       1%          3
 Teleport Other           Tloc           80%        N/A       1%          3
 Manifold Assault         Tloc           80%        N/A       1%          4
 Passage of Golubria      Tloc           80%        N/A       1%          4
 Summon Ice Beast         Ice/Summ       77%        N/A       1%          4
 Foxfire                  Conj/Fire      100%       2x1d9     2%          1
 Kiss of Death            Conj/Necr      100%       2d13      2%          1
 Magic Dart               Conj           100%       1d8       2%          1
 Necrotise                Necr           100%       1d9       2%          1
 Ensorcelled Hibernation  Hex/Ice        72%        N/A       2%          2
 Confusing Touch          Hex            45%        N/A       2%          3
 Tukima's Dance           Hex            45%        N/A       2%          3
 Iskenderun's Mystic Bla  Conj/Tloc      59%        2d12      2%          4
 Dazzling Flash           Conj/Hex       70%        N/A       4%          3
 Borgnjor's Vile Clutch   Necr/Erth      32%        N/A       4%          5
 Silence                  Hex/Air        31%        N/A       4%          5
 Dispersal                Tloc           40%        N/A       4%          6
 Summon Horrible Things   Summ           52%        N/A       4%          8
 Blade Hands              Tmut           30%        N/A       6%          5
 Vampiric Draining        Necr           28%        2d8       7%          3
 Hailstorm                Conj/Ice       26%        3d7       8%          3
 Ozocubu's Armour         Ice            27%        N/A       8%          3
 Ice Form                 Ice/Tmut       46%        N/A       8%          4
 Fulminant Prism          Conj/Hex       17%        3d10      14%         4
 Freezing Cloud           Conj/Ice/Air   24%        6-21      19%         5
 Animate Dead             Necr           28%        N/A       22%         4
 Dispel Undead            Necr           28%        3d13      22%         4
 Flame Wave               Conj/Fire      26%        2d8       26%         4
 Iron Shot                Conj/Erth      31%        9d6       26%         6
 Metabolic Englaciation   Hex/Ice        18%        N/A       36%         5
 Agony                    Necr           28%        N/A       54%         5
 Fireball                 Conj/Fire      13%        3d7       58%         5
 Disjunction              Tloc           40%        N/A       87%         8
 Death Channel            Necr           14%        N/A       98%         6
 Simulacrum               Ice/Necr       14%        N/A       98%         6
 Starburst                Conj/Fire      13%        6d5       99%         6
 Ozocubu's Refrigeration  Ice            13%        4d10      100%        7
 Borgnjor's Revivificati  Necr           14%        N/A       100%        8
 Lehudib's Crystal Spear  Conj/Erth      31%        10d8      100%        8
 Necromutation            Tmut/Necr      23%        N/A       100%        8
 Death's Door             Necr           14%        N/A       100%        9


Dungeon Overview and Level Annotations

Branches:
Dungeon (15/15) Zot: 25320  Temple (0/1) D:4            Lair (5/5) D:11 Zot: 23051
 Shoals (4/4) Lair:2 Zot: 17889  Spider (4/4) Lair:2 Zot: 18502   Slime (0/5) Lair:5
    Orc (2/2) D:10 Zot: 9076     Elf (3/3) Orc:2 Zot: 12506  Vaults (2/5) D:14 Zot: 8748
  Crypt (0/3) Vaults:2     Depths (0/4) D:15         Bailey (visited)
  IceCv (visited)          WizLab (visited)

Altars:
Ashenzari
Cheibriados
Dithmenos
Elyvilon
Fedhas
Gozag
Hepliaklqana
Makhleb
Nemelex Xobeh
Trog
Uskayaw
Wu Jian
Xom
Yredelemnul
Zin
Jiyva
Lugonu

Shops:
D:1 (   D:7 =   D:11 [*(=   Orc:2 :*([   Elf:1 :(   Elf:2 ?   Shoals:2 !
Vaults:2 (

Annotations:
D:7 2 transporters
D:12 exclusions: ice statue and obsidian statue
Lair:5 2 runed translucent doors, emiel's ghost, journeyman VSFi
Shoals:2 2 transporters, exclusion: orange crystal statue
Vaults:2 Sojobo


Message History

Sojobo claws you but does no damage.
You can move again.
Your base Summonings skill increases to level 17!
You barely miss Sojobo.
Sojobo is moderately wounded.
You slice the air elemental!! You slash the air elemental!
You slice the air elemental!!
You destroy the air elemental!
The air elemental disappears in a puff of smoke! x2
The air elemental barely misses you. You block the air elemental's attack.
Your eldritch tentacle completely misses Sojobo.
Your eldritch tentacle barely misses Sojobo.
The vault warden activates a sealing rune.
Your lindwurm bites the air elemental but does no damage.
Your lindwurm barely misses the air elemental.
Your lindwurm claws the air elemental.
You block the air elemental's attack. The air elemental misses you.
Sojobo conjures a fierce blast of wind!
The air elemental is knocked back by the gust of wind.
You are knocked back by the gust of wind.
You slam into the large closed door!
The air elemental is knocked back by the gust of wind. x2
Unknown command.
The portal closes; your eldritch tentacle is severed.
The air elemental fires a burst of electricity at you.
The stunning burst hits the air elemental.
The air elemental completely resists.
The stunning burst misses you. You block the air elemental's attack.
The air elemental completely misses you.
Your lindwurm breathes flames at Sojobo.
The blast of flame hits Sojobo!
Sojobo resists.
The air elemental hits you. You block the air elemental's attack.
The air elemental completely misses you.
Unknown command.
As you read the scroll of teleportation, it crumbles to dust.
You feel strangely unstable.
The eldritch tentacle writhes! x2
The air elemental hits you. You block the air elemental's attack.
The air elemental hits you!
The air elemental hits you but does no damage.
You block the air elemental's attack. x3
The air elemental completely misses you.
You block the air elemental's attack.
An ironbound frostheart comes into view.
The vault warden unwields a +1 heavy war axe.
The vault warden wields a +2 arbalest of freezing.
It is covered in frost.
The vault warden shoots a bolt.
The bolt hits your lindwurm!! The bolt freezes your lindwurm.
Sojobo opens the large door.
The air elemental hits you but does no damage.
Found 18 gold pieces.
You miss the air elemental. You slash the air elemental!
You slice the air elemental!!
The eldritch tentacle writhes!
The air elemental fires a burst of electricity at you.
The stunning burst misses you. You block the air elemental's attack.
The air elemental fires a burst of electricity at you.
The stunning burst misses you.
The air elemental completely misses you.
The air elemental hits you but does no damage.
The air elemental closely misses you. You block the air elemental's attack.
The air elemental closely misses you.
The ironbound frostheart calls freezing cold from the walls.
The frost grips you!
* * * LOW HITPOINT WARNING * * *
You are encased in ice.
Your lindwurm bites the air elemental.
Your lindwurm claws the air elemental.
Your lindwurm closely misses the air elemental.
The air elemental hits you but does no damage.
You block the air elemental's attack.
The air elemental hits you but does no damage.
Sojobo points at you and mumbles some strange words.
The bolt of lightning misses you.
The bolt of lightning hits the air elemental.
The air elemental completely resists.
Unknown command.
You slice Sojobo!!
Sojobo is heavily wounded.
You slash the air elemental! You hit the air elemental.
You destroy the air elemental!
The air elemental disappears in a puff of smoke!
You hit the air elemental but do no damage.
The eldritch tentacle writhes! x2
The eldritch tentacle is destroyed!
You block the air elemental's attack. x2
The air elemental fires a burst of electricity at you.
The stunning burst misses you.
The air elemental fires a burst of electricity at you.
The stunning burst misses you.
An ironbound convoker comes into view. It is wielding a +0 flail.
The ironbound frostheart calls freezing cold from the walls.
The frost grips you!!!
* * * LOW HITPOINT WARNING * * *
The vault warden shoots a bolt.
You block the bolt.
Your lindwurm bites the air elemental.
Your lindwurm misses the air elemental.
Your lindwurm completely misses the air elemental.
The air elemental misses you.
The air elemental fires a burst of electricity at you.
The stunning burst misses you.
Sojobo says, "This battle is not even a challenge!"
You block Sojobo's attack. Sojobo completely misses you. Sojobo claws you!
You die...

'##### ##'#######
.....####.pp.....#
####÷#..#.)......#
...'.#..#..)p....#
...#.#).+........#
...#.'..+..).....#
.. #.#..#....)...#
.. #.#..#.....k§E#
####.#..#......E8#
.....########+#Q'#
* '##### ,.....,,*
....# #.......,*
....# #........*
##### #......$.#
#........#
#........# * **


You could see Sojobo (repels missiles, ally target), a vault warden, an
ironbound frostheart, an ironbound convoker, 2 air elementals and a friendly
lindwurm (summoned).

Vanquished Creatures
  Zenata (Vaults:1)
  2 deep elf blademasters (Elf:3)
  2 deep elf master archers (Elf:3)
  A kraken (Shoals:4)
  A tentacled starspawn (WizLab)
  A tengu reaver (Vaults:2)
  3 emperor scorpions
  Louise (Shoals:3)
  A balrug (D:12)
  3 ghost moths (Spider:4)
  2 deep elf elementalists (Elf:3)
  3 orc warlords
  A draconian shifter (WizLab)
  An ironbound preserver (Vaults:2)
  A reaper (IceCv)
  2 broodmothers
  An ironbound thunderhulk (Vaults:2)
  Azrael (D:14)
  5 deep elf demonologists (Elf:3)
  A deep elf annihilator (Elf:3)
  3 dire elephants (Vaults:1)
  A spark wasp (Spider:2)
  Snorg (Orc:1)
  3 ettins (Orc:2)
  6 merfolk impalers
  2 yaktaur captains
  2 deep elf death magi (Elf:3)
  A merfolk javelineer (Shoals:4)
  A great orb of eyes (WizLab)
  A fire dragon (Elf:2)
  4 vault guards (D:14)
  A hydra (Elf:3)
  6 centaur warriors
  An ironbound frostheart (Vaults:1)
  A catoblepas (D:13)
  An alligator snapping turtle (Shoals:4)
  3 merfolk aquamancers
  A boulder beetle (D:15)
  3 two-headed ogres
  14 dancing weapons
  2 radroaches
  9 death scarabs (Spider:4)
  2 death yaks
  An orc high priest (Orc:2)
  5 deep elf knights
  A thrashing horror (WizLab)
  2 sixfirhies (WizLab)
  5 sea snakes
  6 pharaoh ants
  2 skeletal warriors (D:14)
  A goliath frog (Lair:5)
  2 ironbound convokers
  2 deep trolls (Vaults:2)
  A wizard (D:15)
  An obsidian statue (WizLab)
  2 deep elf zephyrmancers
  An orb spider (Spider:1)
  5 steelbarb worms
  A harpy (Vaults:2)
  5 orc knights
  A spectral wolf spider (Spider:4)
  A lindwurm (Vaults:1)
  2 orc sorcerers
  7 wolf spiders
  2 worldbinders (WizLab)
  13 deep elf pyromancers
  5 manticores
  2 fauns
  5 cyclopes
  2 elephants
  3 merfolk sirens
  27 ugly things
  3 black mambas
  2 ice statues (IceCv)
  3 water nymphs
  4 torpor snails
  A black mamba (shapeshifter) (Elf:2)
  3 demonic crawlers
  4 rime drakes
  A kobold demonologist (D:12)
  A cane toad (shapeshifter) (D:15)
  2 komodo dragons
  3 cane toads
  A yaktaur (Vaults:2)
  A demonspawn skeleton (WizLab)
  An efreet (D:15)
  5 spectral redbacks (Spider:4)
  A redback zombie (Spider:4)
  7 ice devils
  6 meliai
  2 polar bears
  2 tyrant leeches (Lair:5)
  A hellwing (WizLab)
  8 trolls
  3 spectral tarantellas (Spider:4)
  11 merfolk
  5 wind drakes
  15 tarantellas
  2 spectral culicivoras (Spider:4)
  4 dream sheep
  2 culicivora zombies (Spider:4)
  4 blink frogs (Lair:5)
  6 snapping turtles
  A jumping spider zombie (Spider:4)
  5 jumping spiders
  10 culicivoras
  20 slime creatures
  A shadow (D:13)
  10 water elementals
  7 air elementals
  A vampire (D:10)
  A dire elephant simulacrum (IceCv)
  A wraith (D:10)
  12 yaks
  2 wyverns
  A large abomination (WizLab)
  3 basilisks
  A hog (shapeshifter) (Elf:2)
  7 fire elementals
  3 humans (D:14)
  7 vampire mosquitoes
  3 death yak simulacra (IceCv)
  20 redbacks
  A spatial vortex (WizLab)
  6 wargs
  4 hell hounds
  3 water moccasins
  18 orc warriors
  An ice beast (D:5)
  2 ogres (Orc:2)
  2 centaurs (D:15)
  A small abomination (WizLab)
  4 wolves
  3 earth elementals
  5 bullfrogs
  A cane toad simulacrum (IceCv)
  A two-headed ogre simulacrum (IceCv)
  10 killer bees (Lair:4)
  3 electric eels
  A howler monkey (D:11)
  4 orc priests
  A hound (D:5)
  15 orc wizards
  A hell rat (D:11)
  3 spriggan simulacra (IceCv)
  A polar bear simulacrum (IceCv)
  3 wolf simulacra (IceCv)
  2 adders
  5 naga simulacra (IceCv)
  3 white imps (IceCv)
  A dart slug (D:2)
  28 orcs
  An endoplasm (D:4)
  A giant cockroach (D:1)
  5 kobolds
  2 goblins
  A butterfly (Lair:1)
  2 starspawn tentacles (WizLab)
  3 tentacles (Shoals:4)
594 creatures vanquished.

Vanquished Creatures (collateral kills)
  Saint Roka (Orc:2)
  Nikola (Shoals:3)
  Jorgrun (Shoals:3)
  2 krakens (Shoals:3)
  Polyphemus (Shoals:3)
  Gastronok (D:11)
  2 eldritch tentacles
  Roxanne (Elf:2)
  2 sphinxes (Elf:3)
  A tengu reaver (Vaults:2)
  3 deep elf sorcerers
  2 vault wardens (Vaults:2)
  An emperor scorpion (Spider:4)
  An orc warlord (Vaults:1)
  A very ugly thing (Vaults:2)
  2 ironbound preservers
  A reaper (WizLab)
  2 stone giants
  An ironbound thunderhulk (Vaults:2)
  A deep elf demonologist (Elf:3)
  7 dire elephants (Vaults:1)
  A spark wasp (Spider:2)
  6 deep elf annihilators
  4 deep elf death magi
  A yaktaur captain (Vaults:2)
  6 merfolk javelineers
  A fire dragon (Elf:3)
  8 merfolk impalers
  2 entropy weavers (Vaults:1)
  3 great orbs of eyes
  A vault guard (D:14)
  8 hydras
  2 ice dragons (D:15)
  A jorogumo (Spider:4)
  An ironbound frostheart (Vaults:1)
  4 merfolk avatars
  2 catoblepae
  3 boulder beetles
  6 centaur warriors
  5 merfolk aquamancers
  12 dancing weapons
  2 satyrs (Shoals:3)
  2 two-headed ogres
  16 death yaks
  Sonja (D:11)
  A hell knight (WizLab)
  2 skeletal warriors (D:14)
  3 deep elf knights
  Amaemon (D:10)
  4 pharaoh ants
  12 deep trolls
  A sun moth (Spider:3)
  A goliath frog (Lair:5)
  5 bog bodies (Shoals:3)
  5 sea snakes
  6 deep elf archers
  5 orb spiders
  An ironbound convoker (Vaults:1)
  5 lindwurms
  A steelbarb worm (Spider:1)
  5 harpies
  10 deep elf pyromancers
  5 wizards
  4 orc knights
  An oklob plant (Lair:3)
  10 wolf spiders
  10 deep elf zephyrmancers
  An orc sorcerer (Orc:1)
  5 ugly things
  11 fauns
  9 manticores
  5 moths of wrath
  10 cyclopes
  A worldbinder (WizLab)
  2 black mambas (Lair:5)
  3 demonic crawlers
  4 water nymphs
  7 elephants
  2 merfolk sirens
  4 torpor snails
  5 vault sentinels
  2 orange demons
  16 cane toads
  4 rime drakes
  4 unseen horrors
  6 komodo dragons
  7 yaktaurs (Vaults:2)
  A freezing wraith (IceCv)
  2 redback zombies (Spider:4)
  2 ice devils (IceCv)
  2 trolls
  4 meliai
  13 blink frogs
  4 wind drakes
  A tyrant leech (Lair:5)
  23 merfolk
  A spectral jumping spider (Spider:4)
  16 tarantellas
  2 snapping turtles
  16 dream sheep
  A tarantella zombie (Spider:4)
  6 slime creatures
  A centaur simulacrum (D:14)
  3 air elementals
  10 jumping spiders
  18 water elementals
  A shadow (D:9)
  12 culicivoras
  30 yaks
  A vampire (D:10)
  A wraith (D:10)
  A fire elemental (Elf:2)
  6 wyverns
  32 redbacks
  3 basilisks
  A human (D:14)
  9 vampire mosquitoes
  Menkaure (D:7)
  6 spatial vortices (WizLab)
  A steam dragon (D:8)
  2 acid dragons
  8 water moccasins
  A hell hound (Elf:3)
  20 orc warriors
  An ice beast (D:4)
  A sky beast (D:6)
  A black bear (Lair:3)
  A centaur (D:11)
  4 ogres
  4 wolves (Lair:4)
  A phantom (D:4)
  3 kobold brigands
  A small abomination (WizLab)
  4 necrophages
  14 bullfrogs
  A scorpion (D:5)
  A two-headed ogre simulacrum (IceCv)
  An earth elemental (Elf:2)
  10 wights
  29 killer bees
  A nameless horror (D:6)
  2 howler monkeys (D:11)
  2 hounds
  2 jellies (D:6)
  A gnoll bouda (D:6)
  7 orc priests
  4 orc wizards
  A hell rat (D:11)
  10 gnolls
  10 adders
  A river rat (D:11)
  A shadow imp (D:7)
  A white imp (D:7)
  3 worms
  A dart slug (D:2)
  28 orcs
  10 endoplasms
  3 giant cockroaches
  11 goblins
  5 hobgoblins
  3 jackals (D:1)
  A quokka (D:11)
  3 bats
  5 frilled lizards
  29 kobolds
  3 rats
  A lurking horror (WizLab)
  6 tentacles (Shoals:3)
833 creatures vanquished.

Vanquished Creatures (others)
  21 eldritch tentacles
  A sphinx (Vaults:1)
  A storm dragon (Shoals:4)
  A vault guard (D:14)
  An orb spider (Spider:2)
  A deep elf archer (Elf:3)
  A deep elf pyromancer (Elf:1)
  A wizard (D:9)
  A water nymph (Shoals:4)
  A merfolk (Shoals:3)
  Grinder (D:3)
  A water elemental (Shoals:4)
  2 humans (D:14)
  Edmund (D:5)
  45 fungi
  147 plants
  A starspawn tentacle (WizLab)
  8 tentacles
236 creatures vanquished.

Grand Total: 1663 creatures vanquished

Notes
Turn   | Place    | Note
-------+----------+-------------------------------------------
     0 | D:1      | Flugkiller the Deep Elf Summoner began the quest for the
                  | Orb.
     0 | D:1      | Reached XP level 1. HP: 10/10 MP: 6/6
   107 | D:1      | Found Moiwn's Weapon Boutique.
   261 | D:1      | Reached XP level 2. HP: 12/15 MP: 6/9
   290 | D:1      | Learned a level 2 spell: Call Imp
   868 | D:2      | Reached skill level 1 in Fighting
   868 | D:2      | Reached XP level 3. HP: 18/20 MP: 8/10
   911 | D:2      | Learned a level 3 spell: Call Canine Familiar
   915 | D:2      | Learned a level 3 spell: Summon Guardian Golem
   946 | D:2      | Reached skill level 5 in Summonings
  1132 | D:2      | Reached skill level 1 in Hexes
  1444 | D:3      | Found a faded altar of an unknown god.
  1450 | D:3      | Prayed at the altar of an unknown god.
  1450 | D:3      | Became a worshipper of Ashenzari the Shackled
  1577 | D:3      | Noticed Grinder
  1577 | D:3      | Paralysed by Grinder for 2 turns
  1629 | D:3      | Killed Grinder
  1630 | D:3      | Reached skill level 5 in Spellcasting
  1630 | D:3      | Reached XP level 4. HP: 25/25 MP: 3/14
  1630 | D:3      | Reached XP level 5. HP: 29/29 MP: 3/15
  1925 | D:4      | Noticed a phantom
  1939 | D:4      | Found a staircase to the Ecumenical Temple.
  1946 | D:4      | Reached * piety under Ashenzari
  1946 | D:4      | Identified a scroll of acquirement
  1968 | D:4      | Reached XP level 6. HP: 34/34 MP: 12/17
  2212 | D:4      | Reached skill level 1 in Shields
  2530 | D:4      | Noticed an ice beast
  2535 | D:4      | Killed an ice beast
  2536 | D:4      | Reached XP level 7. HP: 24/38 MP: 14/18
  2612 | D:4      | Reached ** piety under Ashenzari
  2923 | D:5      | Entered Level 5 of the Dungeon
  2930 | D:5      | Noticed Edmund
  2960 | D:5      | Killed Edmund
  3194 | D:5      | Found a glowing silver altar of Zin.
  3436 | D:5      | Reached XP level 8. HP: 44/44 MP: 18/21
  3599 | D:6      | Learned a level 4 spell: Summon Lightning Spire
  3701 | D:6      | Reached *** piety under Ashenzari
  3815 | D:6      | Reached skill level 10 in Summonings
  3883 | D:6      | Identified the +3 robe of Lies {rElec Will+ Int-5}
  4025 | D:6      | Found an opulent altar of Gozag.
  4025 | D:6      | Found a sparkling altar of Nemelex Xobeh.
  5106 | D:7      | Noticed a cyan ugly thing
  5107 | D:7      | Noticed a red ugly thing
  5109 | D:7      | Found a corrupted altar of Lugonu.
  5109 | D:7      | Noticed a green ugly thing
  5183 | D:7      | Noticed a fire crab
  5184 | D:7      | Noticed a small abomination
  5264 | D:7      | Reached XP level 9. HP: 49/49 MP: 14/23
  5377 | D:7      | Acquired the ring "Keytek" {Str+3 Int+6}
  5424 | D:7      | Noticed Menkaure
  5433 | D:7      | Killed Menkaure
  5711 | D:7      | Found Cohuj's Jewellery Shop.
  5867 | D:7      | Found a transporter.
  5869 | D:7      | Found a transporter.
  5914 | D:8      | Found a flagged portal.
  5981 | Bailey   | Entered a bailey
  6006 | Bailey   | Reached skill level 1 in Air Magic
  6644 | Bailey   | Identified the +1 ring mail "Punypapn" {Harm Fly rC+ Will+}
  6797 | D:8      | Reached XP level 10. HP: 37/56 MP: 15/24
  6879 | D:8      | Reached **** piety under Ashenzari
  6986 | D:8      | Identified the +6 whip of Waetur {freeze, rC+}
  7153 | D:8      | Found a hazy altar of Hepliaklqana.
  7209 | D:8      | Found a blossoming altar of Fedhas.
  7230 | D:8      | Found a burning altar of Makhleb.
  7772 | D:9      | Noticed a two-headed ogre
  7781 | D:9      | Killed a two-headed ogre
  7795 | D:9      | Found a white marble altar of Elyvilon.
  7851 | D:9      | Reached skill level 15 in Summonings
  8432 | D:9      | Found a bloodstained altar of Trog.
  8440 | D:9      | Noticed a wizard
  8446 | D:9      | Killed a wizard
  8688 | D:10     | Entered Level 10 of the Dungeon
  8693 | D:10     | Found a snail-covered altar of Cheibriados.
  8694 | D:10     | Found a hide-covered altar of Uskayaw.
  8695 | D:10     | Found a basalt altar of Yredelemnul.
  8718 | D:10     | Reached skill level 1 in Axes
  8885 | D:10     | Noticed a centaur warrior
  8932 | D:10     | Found the ring of the Octopus King {Wiz HP+2 AC+2 EV+2
                  | SH+2}
  8932 | D:10     | Found the ring of the Octopus King {Wiz HP+2 AC+2 EV+2
                  | SH+2}
  9028 | D:10     | Reached skill level 5 in Air Magic
  9055 | D:10     | Reached skill level 1 in Evocations
  9233 | D:10     | Found a staircase to the Orcish Mines.
  9352 | D:10     | Found a shadowy altar of Dithmenos.
  9368 | D:10     | Noticed Amaemon
  9377 | D:10     | Noticed an orange demon
  9392 | D:10     | Killed Amaemon
  9392 | D:10     | Killed an orange demon
  9393 | D:10     | Reached XP level 11. HP: 64/64 MP: 13/25
  9805 | D:10     | Reached skill level 2 in Evocations
  9808 | D:10     | Killed a centaur warrior
  9905 | D:11     | Found Asiqyxyt's Jewellery Emporium.
  9911 | D:11     | Noticed a death yak
  9919 | D:11     | Noticed Sonja
  9920 | D:11     | Killed a death yak
  9921 | D:11     | Reached skill level 5 in Dodging
  9923 | D:11     | Noticed a death yak
  9924 | D:11     | Killed Sonja
  9925 | D:11     | Reached skill level 3 in Evocations
  9930 | D:11     | Noticed a death yak
  9933 | D:11     | Killed a death yak
  9944 | D:11     | Killed a death yak
  9949 | D:11     | Reached skill level 4 in Evocations
  9957 | D:11     | Found a staircase to the Lair.
  9967 | D:11     | Noticed a two-headed ogre
 10059 | D:11     | Killed a two-headed ogre
 10132 | D:11     | Reached skill level 5 in Fighting
 10166 | D:11     | Noticed Gastronok
 10174 | D:11     | Killed Gastronok
 10331 | D:11     | Found Biwuto's Weapon Boutique.
 10347 | D:11     | Found Luciluf's Assorted Antiques.
 10355 | D:11     | Bought a scroll labelled YRICOK CERUT NUIMI for 35 gold
                  | pieces
 10372 | D:11     | Found Plog's Armour Emporium.
 10594 | Lair:1   | Entered Level 1 of the Lair of Beasts
 10657 | Lair:1   | Identified the +4 flail "Ampommudgh" {spect, rPois rN++
                  | Str+3 Int-5}
 10708 | Lair:1   | Reached XP level 12. HP: 73/73 MP: 20/26
 11326 | Lair:2   | Noticed a death yak
 11326 | Lair:2   | Noticed a death yak
 11326 | Lair:2   | Noticed a death yak
 11326 | Lair:2   | Noticed a death yak
 11326 | Lair:2   | Noticed a death yak
 11326 | Lair:2   | Noticed a death yak
 11443 | Lair:2   | Found a hole to the Spider Nest.
 11462 | Lair:2   | Found a staircase to the Shoals.
 11683 | Lair:2   | Killed a death yak
 11692 | Lair:2   | Killed a death yak
 11693 | Lair:2   | Reached skill level 5 in Axes
 11710 | Lair:2   | Killed a death yak
 11741 | Lair:2   | Killed a death yak
 11753 | Lair:2   | Killed a death yak
 11758 | Lair:2   | Killed a death yak
 11836 | Lair:2   | Reached ***** piety under Ashenzari
 12998 | Lair:3   | Reached skill level 5 in Evocations
 13015 | Lair:3   | Found a snail-covered altar of Cheibriados.
 13179 | Lair:3   | Reached XP level 13. HP: 85/85 MP: 22/28
 13190 | Lair:3   | Reached skill level 10 in Dodging
 13440 | Lair:3   | Reached ****** piety under Ashenzari
 14006 | Lair:4   | Reached skill level 6 in Evocations
 14302 | Lair:4   | Reached skill level 7 in Evocations
 14316 | Lair:4   | Learned a level 4 spell: Leda's Liquefaction
 14687 | Lair:4   | Identified the +1 short sword of the Puffball {heavy,
                  | Str+3}
 14762 | Lair:4   | Reached skill level 1 in Earth Magic
 14801 | Lair:4   | Identified the cursed scarf of the Unveiling Yoke {+Inv,
                  | Melee, Self} (You found it on level 5 of the Dungeon)
 14801 | Lair:4   | Identified the cursed +2 hat "Visionary Idealism" {Elem,
                  | Melee} (You took it off Gastronok on level 11 of the
                  | Dungeon)
 14801 | Lair:4   | Identified the cursed +2 pair of gloves of the Bound
                  | Chagrin {Elem, Bglg} (You found it on level 3 of the
                  | Dungeon)
 14801 | Lair:4   | Identified the cursed +1 pair of boots "Free Will of
                  | Ashenzari" {Fly, Bglg, Comp} (You found it in a bailey)
 14801 | Lair:4   | Identified the cursed +0 robe of Ashenzari's Idealism
                  | {Fort, Melee}
 15122 | Lair:4   | Reached skill level 5 in Earth Magic
 15932 | Lair:5   | Entered Level 5 of the Lair of Beasts
 15979 | Lair:5   | Reached XP level 14. HP: 90/94 MP: 26/33
 16001 | Lair:5   | Learned a level 5 spell: Lee's Rapid Deconstruction
 16008 | Lair:5   | Learned a level 6 spell: Statue Form
 16243 | Lair:5   | Reached skill level 1 in Transmutations
 16571 | Lair:5   | Reached skill level 5 in Transmutations
 16655 | Lair:5   | Found a runed translucent door.
 16670 | Lair:5   | Found a shimmering altar of Xom.
 16670 | Lair:5   | Noticed emiel's ghost (journeyman VSFi)
 16876 | Lair:5   | Reached skill level 10 in Earth Magic
 17147 | Lair:5   | Found a runed translucent door.
 17148 | Lair:5   | Found a viscous altar of Jiyva.
 17150 | Lair:5   | Noticed an acid blob
 17151 | Lair:5   | Found a staircase to the Slime Pits.
 18350 | D:12     | Found a runed translucent door.
 18351 | D:12     | Found the +5 consecrated labrys {holy, Valiant Fragile Fly
                  | SInv}
 18352 | D:12     | Noticed a balrug
 18417 | D:12     | Killed a balrug
 18551 | D:13     | Found a frozen archway.
 18681 | IceCv    | Entered an ice cave
 19539 | IceCv    | Noticed a reaper
 19701 | IceCv    | Killed a reaper
 20364 | D:13     | Reached XP level 15. HP: 100/100 MP: 8/33
 20738 | D:13     | Reached skill level 10 in Fighting
 20869 | D:14     | Noticed Azrael
 20875 | D:14     | Killed Azrael
 21495 | D:14     | Found an ornate altar of the Wu Jian Council.
 21711 | D:14     | Identified the +8 mace of the Threshing Gods {heavy, Str+3
                  | Int+5}
 22301 | D:14     | Found a gate to the Vaults.
 22359 | D:15     | Entered Level 15 of the Dungeon
 23271 | D:15     | Found a staircase to the Depths.
 23444 | Orc:1    | Entered Level 1 of the Orcish Mines
 23510 | Orc:2    | Entered Level 2 of the Orcish Mines
 23540 | Orc:2    | Reached skill level 5 in Shields
 23545 | Orc:2    | Found a staircase to the Elven Halls.
 23546 | Orc:2    | Found Quen's Book Emporium.
 23554 | Orc:2    | Bought a book of Beasts for 418 gold pieces
 23707 | Orc:2    | Noticed Saint Roka
 23749 | Orc:2    | Killed Saint Roka
 23750 | Orc:2    | Reached XP level 16. HP: 43/110 MP: 20/35
 23966 | Orc:1    | Noticed Snorg
 23976 | Orc:1    | Killed Snorg
 24036 | Orc:2    | Found Zyduime's General Store.
 24178 | Orc:2    | Found Zeablo's Antique Weapon Emporium.
 24396 | Orc:2    | Identified the +11 scimitar "Naasez" {flame, SInv}
 24489 | Orc:2    | Found Vaow's Antique Armour Shop.
 24924 | Orc:1    | Found an ornate altar of the Wu Jian Council.
 24924 | Orc:1    | Found a transporter.
 24934 | Orc:1    | Found a transporter.
 25301 | Orc:1    | Found a transporter.
 25320 | Orc:1    | Found a transporter.
 25320 | Orc:1    | Found an ornate altar of the Wu Jian Council.
 25538 | Orc:1    | Learned a level 5 spell: Summon Mana Viper
 25546 | Orc:1    | Learned a level 7 spell: Monstrous Menagerie
 25733 | Spider:1 | Entered Level 1 of the Spider Nest
 26416 | Spider:2 | Reached skill level 10 in Shields
 26639 | Spider:2 | Found the +11 Singing Sword {sonic wave}
 27689 | Elf:1    | Entered Level 1 of the Elven Halls
 27708 | Elf:1    | Found Hoithral's Weapon Shoppe.
 27708 | Elf:1    | Found Yxicw's Book Emporium.
 27773 | Elf:1    | Reached XP level 17. HP: 75/110 MP: 7/36
 28094 | Elf:1    | Found a magical portal.
 28099 | WizLab   | Entered The Roulette of Golubria
 28099 | WizLab   | Found a transporter.
 28104 | WizLab   | Found a corrupted altar of Lugonu.
 28187 | WizLab   | Found a corrupted altar of Lugonu.
 28193 | WizLab   | Found a transporter.
 28198 | WizLab   | Identified Golubria's Excursus on Peregrination
 28271 | WizLab   | Found a transporter.
 28290 | WizLab   | Found a transporter.
 28316 | WizLab   | Found a transporter.
 28351 | WizLab   | Found a transporter.
 28351 | WizLab   | Found a transporter.
 28398 | WizLab   | Found a transporter.
 28412 | WizLab   | Identified the ring of the Everdark {rC+ Int+6}
 28439 | WizLab   | Found a transporter.
 28485 | WizLab   | Found a transporter.
 28546 | WizLab   | Found a transporter.
 28602 | WizLab   | Found a transporter.
 29041 | WizLab   | Found a transporter.
 29065 | WizLab   | Found a transporter.
 29293 | WizLab   | Found a transporter.
 29293 | WizLab   | Found a transporter.
 29320 | WizLab   | Identified Golubria's Compilation of Wanderlust
 29320 | WizLab   | Found a transporter.
 29320 | WizLab   | Found a transporter.
 29333 | WizLab   | Reached skill level 8 in Evocations
 29456 | WizLab   | Found a transporter.
 29456 | WizLab   | Found a transporter.
 29952 | Elf:1    | Bought a Grand Grimoire for 578 gold pieces
 29960 | Elf:1    | Learned a level 7 spell: Malign Gateway
 30019 | Elf:1    | Identified the +0 robe "Kosarghykh" {Fly Dex+5}
 30021 | Elf:1    | Reached skill level 9 in Evocations
 30027 | Elf:1    | Reached skill level 1 in Translocations
 30244 | Elf:1    | Found a runed translucent door.
 30412 | Elf:1    | Identified the Vademecum on Battle Magic
 30600 | Elf:1    | Identified the amulet "Kisuv" {Spirit MP-9 Str-2 Int+6
                  | SInv}
 30735 | Elf:2    | Reached skill level 10 in Evocations
 30797 | Elf:2    | Found a runed translucent gate.
 30797 | Elf:2    | Found a runed translucent gate.
 30799 | Elf:2    | Found a runed translucent gate.
 30823 | Elf:2    | Identified Roxanne's Disquisition on Earth
 30823 | Elf:2    | Noticed Roxanne
 30915 | Elf:2    | Found Jeebykuf's Magic Scroll Shop.
 30918 | Elf:2    | Bought a scroll of acquirement for 936 gold pieces
 30918 | Elf:2    | Acquired 915 gold pieces
 30930 | Elf:2    | Reached skill level 5 in Translocations
 31414 | Elf:2    | Killed Roxanne
 31422 | Elf:2    | Paralysed by an air elemental for 1 turns
 31424 | Elf:2    | Paralysed by an air elemental for 1 turns
 31650 | Elf:3    | Entered Level 3 of the Elven Halls
 31662 | Elf:3    | Reached skill level 11 in Evocations
 32449 | Elf:3    | Reached skill level 12 in Evocations
 32637 | Elf:3    | Reached XP level 18. HP: 120/120 MP: 20/38
 33110 | Elf:3    | Identified the +10 plate armour of Upnosyso {rCorr SInv}
 33193 | Elf:3    | Reached skill level 13 in Evocations
 33210 | Elf:3    | Identified the +8 longbow of the Shifting Gods {drain,
                  | rElec rF- rN+++ Str+4}
 33210 | Elf:3    | Identified the ring of the Battered Friends {*Corrode rPois
                  | rF+ Dex+9}
 33266 | Elf:3    | Noticed a Hell Sentinel
 33705 | Elf:3    | Noticed an Ice Fiend
 33706 | Elf:3    | Reached skill level 14 in Evocations
 33927 | Elf:3    | Identified the ring of Dahudaoph {Fly rC+}
 33935 | Elf:3    | Identified Zitoj's Precepts of the Oath and the Winter
 33944 | Elf:3    | Identified the +1 pair of gloves of Virtue {Str+2}
 33949 | Elf:3    | Found the +0 pair of fencer's gloves {Riposte Dex+3}
 35039 | Spider:3 | Reached skill level 15 in Evocations
 35483 | Spider:4 | Entered Level 4 of the Spider Nest
 36760 | Spider:4 | Reached skill level 10 in Translocations
 36886 | Spider:4 | Reached skill level 16 in Evocations
 36929 | Spider:4 | Got a gossamer rune of Zot
 37070 | Shoals:1 | Entered Level 1 of the Shoals
 37076 | Shoals:1 | Reached XP level 19. HP: 124/124 MP: 20/38
 38190 | Shoals:2 | Identified the +7 scale mail of the Teaching Gods {rF+}
 38622 | Shoals:2 | Found a transporter.
 38632 | Shoals:2 | Found a transporter.
 38632 | Shoals:2 | Identified the Collected Works on the Arenous Legion
 38632 | Shoals:2 | Identified the +3 dagger "Sadd" {heavy, rF+}
 38658 | Shoals:2 | Reached skill level 10 in Spellcasting
 38732 | Shoals:2 | Found Puxerof's Distillery.
 38741 | Shoals:2 | Bought a potion of haste for 130 gold pieces
 39213 | Shoals:3 | Noticed Louise
 39220 | Shoals:3 | Killed Louise
 39434 | Shoals:3 | Noticed Polyphemus
 39447 | Shoals:3 | Killed Polyphemus
 40165 | Shoals:3 | Noticed Jorgrun
 40172 | Shoals:3 | Killed Jorgrun
 40277 | Shoals:3 | Noticed Nikola
 40281 | Shoals:3 | Killed Nikola
 40634 | Shoals:4 | Entered Level 4 of the Shoals
 41601 | Shoals:4 | Got a barnacled rune of Zot
 41697 | Shoals:4 | Paralysed by an air elemental for 1 turns
 41699 | Shoals:4 | Paralysed by an air elemental for 1 turns
 41700 | Shoals:4 | Reached skill level 17 in Evocations
 41890 | Shoals:4 | Paralysed by an air elemental for 1 turns
 41891 | Shoals:4 | Reached XP level 20. HP: 131/131 MP: 14/41
 42241 | Vaults:1 | Entered Level 1 of the Vaults
 42317 | Vaults:1 | Noticed Zenata
 42331 | Vaults:1 | Killed Zenata
 42830 | Vaults:1 | Reached skill level 18 in Evocations
 44096 | Vaults:1 | Reached skill level 19 in Evocations
 44368 | Vaults:2 | Found Paypp's Antique Weapon Boutique.
 44525 | Vaults:2 | Reached skill level 20 in Evocations
 45033 | Vaults:2 | Noticed Sojobo
 45037 | Vaults:2 | Paralysed by an air elemental for 1 turns
 45039 | Vaults:2 | Paralysed by an air elemental for 1 turns
 45044 | Vaults:2 | HP: 8/170 [ironbound frostheart/creeping frost (36)]
 45044 | Vaults:2 | Slain by Sojobo

Illustrated notes

Levels and vault maps discovered:
D:1:      sevenhm_arrival_forest_fort_small_4, layout_rooms, serial_shops,
          shop_fountains
D:2:      layout_loops_cross
D:3:      layout_rooms, dreamdust_ecumenical_altar_angels_and_demons,
          hex_intersection, uniq_grinder
D:4:      layout_loops_cross, minmay_temple_entry_ruins, grunt_ministairs_13
D:5:      layout_cave_pools, zin_academy, uniq_edmund
D:6:      layout_loops_ring, grunt_temple_overflow_opulence, nicolae_half_adder
D:7:      gammafunk_corrupted_shrine, layout_basic, kennysheep_windowed_goal,
          uniq_menkaure
D:8:      nicolae_moon_pools, layout_basic, nicolae_overflow_hidden_temple,
          mainiacjoe_overflow_concentric_impassable,
          nicolae_hepliaklqana_hazy_memory, enter_bailey_3
D:9:      layout_irregular_city, elyvilon_altar_3, trog_wizard
D:10:     layout_long_grid, overflow_temple_1_default,
          chequers_temple_overflow_statue_of_worship, orc_0_dummy,
          kennysheep_island_fort, uniq_amaemon
D:11:     layout_cave_pools, dpeg_lair_monsters, serial_shops, shop_statue,
          nicolae_shop_bloodbath_and_beyond, nicolae_stop_n_shop_2,
          nicolae_shop_crystal, uniq_gastronok, uniq_sonja
D:12:     dreamdust_dug_too_deep, layout_irregular_city, minmay_more_statues
D:13:     layout_rooms, portal_ice_cave_rime
D:14:     layout_stronghold, ximxim_vaults_locker_room,
          nicolae_wu_jian_wuxing_cycle, uniq_azrael
D:15:     grunt_enter_depths_hoard, layout_irregular_city,
          minmay_misc_feat_more_columns
Lair:1:   layout_regular_city, grunt_megastairs_4, lemuel_fruit_fields
Lair:2:   layout_small_grid, minmay_shoals_entry_hut,
          hellmonk_spider_entry_not_the_bees
Lair:3:   layout_gridlike, kennysheep_snail_temple
Lair:4:   regret_index_combs_of_tragedy, layout_big_grid
Lair:5:   minmay_lair_end_frog_pond, layout_gridlike, slime_entry_2,
          ebering_ghost_xom
Shoals:1: layout_shoals
Shoals:2: gammafunk_sealed_arena, layout_shoals, nicolae_stop_n_shop_1
Shoals:3: layout_shoals, nicolae_shoals_secluded_bog, uniq_ilsuiw, uniq_louise,
          uniq_jorgrun, uniq_nikola, uniq_polyphemus
Shoals:4: shoals_end_hellmonk_storm_palace [storm_palace_center_circular,
          storm_palace_corner_reverse_hut, storm_palace_corner_grid,
          storm_palace_corner_pillars, storm_palace_corner_pillars]
Spider:1: layout_spider_delve
Spider:2: layout_cave_pods, nicolae_spider_shape
Spider:3: layout_spider_delve
Spider:4: floodkiller_spider_rune_tomb
Orc:1:    dreamdust_wu_jian_sword_trials, layout_diamond_mine,
          guppyfry_library_mini, uniq_snorg
Orc:2:    grunt_orc_gardens, layout_diamond_mine, grunt_orc_garden,
          grunt_orc_garden, grunt_orc_garden, grunt_orc_garden, elf_legates,
          uniq_saint_roka
Elf:1:    layout_gridlike, mu_enter_wizlab_2, minmay_elf_annihilation,
          nrook_mini_backslash, nicolae_elf_m_pinch, minivault_13,
          minmay_shoptagon
Elf:2:    elven_hall_of_blades_hangedman_original [nicolae_blade_lattice],
          layout_geoelf_diagonals, serial_shops, nicolae_shop_behind_doors,
          serial_corexii_hall, chequers_hall_statues_corner_a,
          chequers_hall_statues_y, minivault_25_ag, uniq_roxanne, uniq_asterion
Elf:3:    grunt_elf_hall_asides, layout_geoelf_octagon, special_room
          [special_room_mythical_zoo]
Vaults:1: ontoclasm_vaults_pinch, nicolae_vaults_asterisk,
          grunt_vaults_hallway_long, vaults_room_door_hall,
          nicolae_vaults_little_ls, ontoclasm_vaults_ring_large,
          vaults_room_large_hall, v_pattern_4, ontoclasm_vaults_tryst,
          v_misc_33, nicolae_vaults_specimen_jars, layout_vaults_ring,
          uniq_zenata
Vaults:2: ontoclasm_vaults_bender, vaults_room_pools,
          minmay_crypt_entry_necro_gods, v_misc_2, nicolae_vaults_puzzle_piece,
          nicolae_vaults_little_squares_5, vaults_dpeg_doors,
          vaults_mumra_chevron, vaults_room_boxed,
          nicolae_vaults_windows_and_doors_thing,
          nicolae_vaults_border_crossing, nicolae_vaults_asterisk,
          nicolae_vaults_alarming, layout_vaults_maze_snakey, serial_shops,
          nicolae_shop_temple_entry_statues_fountains, uniq_sojobo

Skill      XL: |  1  2  3  4  5  6  7  8  9 10 11 12 13 14 15 16 17 18 19 20 |
---------------+-------------------------------------------------------------+-----
Spellcasting   | 4 5 7 8 10 | 10.5
Fighting       | 1 2 3 5 7 9 11 | 11.5
Summonings     | 6 7 9 12 13 15 16 17 | 17.0
Hexes          | 3 |  3.0
Shields        | 2 5 11 12 | 12.7
Air Magic      | 4 5 8 |  8.0
Axes           | 2 4 5 6 9 |  9.3
Dodging        | 4 6 9 11 12 | 12.7
Evocations     | 1 4 5 7 12 16 17 20 | 20.0
Earth Magic    | 7 11 | 11.2
Transmutations | 6 |  6.0
Translocations | 7 10 11 | 11.3
Stealth        | |  2.4

Action                     |  1- 3 |  4- 6 |  7- 9 | 10-12 | 13-15 | 16-18 | 19-21 || total
---------------------------+-------+-------+-------+-------+-------+-------+-------++-------
  Melee: Dagger            |    18 |    16 |    67 |    10 |       |       |       ||   111
         Unarmed           |     3 |       |       |       |       |       |       ||     3
         Punch             |     1 |       |       |       |       |       |       ||     1
         War axe           |       |       |       |    95 |   215 |       |       ||   310
         Labrys            |       |       |       |       |   371 |   823 |   476 ||  1670
  Throw: Dart              |       |       |       |       |     3 |       |       ||     3
   Cast: Summon Small Mamm |    22 |     1 |       |     1 |       |       |       ||    24
         Call Imp          |    10 |     5 |     8 |     6 |     1 |       |       ||    30
         Call Canine Famil |     5 |    15 |    40 |    24 |    25 |       |       ||   109
         Summon Guardian G |     2 |     1 |     3 |     3 |     1 |     2 |     1 ||    13
         Summon Lightning  |       |       |    29 |    87 |   129 |    21 |       ||   266
         Leda's Liquefacti |       |       |       |       |     7 |     4 |       ||    11
         Lee's Rapid Decon |       |       |       |       |    96 |     5 |     2 ||   103
         Statue Form       |       |       |       |       |    45 |   109 |    56 ||   210
         Monstrous Menager |       |       |       |       |       |   176 |    96 ||   272
         Summon Mana Viper |       |       |       |       |       |    61 |    46 ||   107
         Malign Gateway    |       |       |       |       |       |       |    22 ||    22
 Invoke: Curse Item        |     1 |     1 |     3 |     5 |     2 |     1 |       ||    13
         Shatter the Chain |       |       |       |     1 |     1 |     2 |       ||     4
Ability: End Transformatio |       |       |       |       |       |     5 |     1 ||     6
         Evoke Invisibilit |       |       |       |       |       |     3 |       ||     3
  Evoke: Wand              |       |       |     4 |     6 |     9 |    14 |     7 ||    40
         Phial of floods   |       |       |       |       |     2 |     2 |       ||     4
         Lightning rod     |       |       |       |       |       |     5 |       ||     5
         Tin of tremorston |       |       |       |       |       |     2 |       ||     2
    Use: Scroll            |     1 |     3 |     1 |     3 |     8 |    14 |     1 ||    31
         Potion            |       |       |     1 |       |     5 |     3 |       ||     9
   Stab: Sleeping          |       |     2 |       |       |       |     2 |     1 ||     5
         Distracted        |       |       |       |     1 |     6 |    21 |    13 ||    41
         Fleeing           |       |       |       |       |     1 |       |       ||     1
         Paralysed         |       |       |       |       |       |     2 |     1 ||     3
         Confused          |       |       |       |       |       |     1 |     2 ||     3
         Invisible         |       |       |       |       |       |    18 |       ||    18
         Held in net/web   |       |       |       |       |       |     1 |       ||     1
 Armour: Robe              |     8 |     3 |    20 |    30 |    28 |    13 |       ||   102
         Skin              |       |       |       |       |   196 |   348 |   230 ||   774
  Dodge: Dodged            |    19 |    16 |    89 |   122 |   602 |  1103 |   576 ||  2527
  Block: Buckler           |       |       |    25 |    43 |   277 |   412 |       ||   757
         Kite shield       |       |       |       |       |       |   320 |   832 ||  1152

Table legend: (Time is in decaauts)
 A = Elapsed time spent in this place.
 B = Non-inter-level travel time spent in this place.
 C = Inter-level travel time spent in this place.
 D = Time resting spent in this place.
 E = Time spent auto-exploring this place.
 F = Levels seen in this place.
 G = Mean time per level.
                   A        B        C        D        E       F      G
               +--------+--------+--------+--------+--------+-----+--------+
         Total |  50145 |  47211 |   2934 |  13659 |  20019 |  38 | 1319.6 |
       Dungeon |  15728 |  14238 |   1490 |   3266 |   7072 |  15 | 1048.5 |
          Lair |   6948 |   6389 |    559 |   1338 |   3177 |   5 | 1389.6 |
        Shoals |   6110 |   5926 |    184 |   1742 |   2328 |   4 | 1527.5 |
   Spider Nest |   5498 |   5252 |    246 |   1328 |   2524 |   4 | 1374.5 |
  Orcish Mines |   2923 |   2637 |    286 |    518 |   1339 |   2 | 1461.5 |
   Elven Halls |   5493 |   5327 |    166 |   1787 |   1896 |   3 | 1831.0 |
        Vaults |   3250 |   3250 |      0 |   1504 |   1078 |   2 | 1625.0 |
        Bailey |    746 |    746 |      0 |    340 |    151 |   1 |  746.0 |
      Ice Cave |   1582 |   1582 |      0 |   1191 |     16 |   1 | 1582.0 |
        Wizlab |   1864 |   1864 |      0 |    644 |    435 |   1 | 1864.0 |
               +--------+--------+--------+--------+--------+-----+--------+

Top non-repeatable levels by time:
   Elf:3: 2430 daAuts
Vaults:1: 2396 daAuts
  Lair:4: 2036 daAuts
Shoals:3: 2030 daAuts
    D:14: 1966 daAuts
  WizLab: 1864 daAuts
   Orc:2: 1744 daAuts
   Elf:2: 1716 daAuts
Spider:4: 1682 daAuts
   IceCv: 1582 daAuts
  Lair:5: 1530 daAuts
Shoals:2: 1464 daAuts
Spider:2: 1457 daAuts
Shoals:4: 1446 daAuts
Spider:3: 1397 daAuts
